 Dungeon Crawl Stone Soup version 0.30-a0-953-g5f1da4a474 (webtiles) character file.

Game seed: 128499420911510457

13675 Jeffwins the Skirmisher (level 12, -4/88 HPs)
             Began as a Human Wanderer on Mar 29, 2023.
             Was an Elder of Vehumet.
             Slain by a freezing wraith (17 damage)
             ... led by a death knight
             ... on level 10 of the Dungeon.
             The game lasted 00:21:55 (9858 turns).

Jeffwins the Skirmisher (Human Wanderer)            Turns: 9858, Time: 00:21:56

Health: -4/88      AC:  8    Str: 11    XL:     12   Next: 35%
Magic:  11/19      EV: 10    Int: 19    God:    Vehumet [****..]
Gold:   685        SH:  0    Dex: 16    Spells: 3/21 levels left

rFire   . . .      SeeInvis .    a - +1 longbow (drain)
rCold   . . .      Faith    .    (shield currently unavailable)
rNeg    . . .      Spirit   .    q - +0 troll leather armour {Pargi}
rPois   .          Reflect  .    y - +2 hat {Int+3}
rElec   .          Rampage  .    n - +0 cloak
rCorr   .                        w - +0 pair of gloves
Will    +....                    (no boots)
Stlth   +++                      O - amulet of the acrobat
HPRegen 1.14/turn                Y - +4 ring of slaying
MPRegen 0.16/turn                c - ring of willpower

@: slowed, studying Axes, very slow
A: no striking features
a: Renounce Religion


You were on level 10 of the Dungeon.
You worshipped Vehumet.
Vehumet was greatly pleased with you.
You visited 1 branch of the dungeon, and saw 11 of its levels.
You also visited: Sewer.

You collected 685 gold pieces.


   Skills:
 + Level 6.2 Fighting
 * Level 9.2 Ranged Weapons
 + Level 5.0 Throwing
 - Level 2.0 Armour
 - Level 5.0 Stealth
 * Level 5.1 Spellcasting
 + Level 2.2 Conjurations
 * Level 4.4 Summonings
 * Level 6.0 Necromancy
 + Level 5.1 Transmutations
 * Level 4.4 Air Magic
 * Level 5.7 Earth Magic
 + Level 2.0 Poison Magic
 + Level 5.2 Evocations


You had 3 spell levels left.
You knew the following spells:

 Your Spells              Type           Power      Damage    Failure   Level
l - Summon Lightning Spi  Summ/Air       21%        N/A       26%         4
m - Mephitic Cloud        Conj/Pois/Air  15%        N/A       4%          3
n - Dispel Undead         Necr           28%        3d13      13%         4
v - Borgnjor's Vile Clut  Necr/Erth      13%        N/A       36%         5
X - Wereblood             Tmut           24%        N/A       3%          2

Your spell library contained the following spells:

 Spells                   Type           Power      Damage    Failure   Level
 Fulminant Prism          Conj/Hex       4%         3d5       26%         4
 Kiss of Death            Conj/Necr      80%        2d11      1%          1
 Shock                    Conj/Air       68%        1d7       1%          1
 Static Discharge         Conj/Air       34%        2-4/arc   1%          2
 Sublimation of Blood     Necr           28%        N/A       1%          2
 Passwall                 Tmut/Erth      20%        N/A       2%          2
 Searing Ray              Conj           26%        2d5       2%          2
 Cigotuvi's Dreadful Rot  Necr/Pois/Air  40%        N/A       4%          2
 Scorch                   Fire           8%         2d5       7%          2
 Swiftness                Air            21%        N/A       8%          3
 Dazzling Flash           Conj/Hex       18%        N/A       9%          3
 Vhi's Electric Charge    Tloc/Air       26%        N/A       19%         3
 Confusing Touch          Hex            4%         N/A       43%         3
 Airstrike                Air            10%        2d(2-18)  7%          4
 Lee's Rapid Deconstruct  Erth           13%        3d9*      11%         5
 Arcjolt                  Conj/Air       8%         1d18      28%         5
 Agony                    Necr           28%        N/A       36%         5
 Anguish                  Hex/Necr       8%         N/A       41%         4
 Plasma Beam              Fire/Air       6%         2x1d12    41%         5
 Iron Shot                Conj/Erth      9%         9d3       71%         6
 Silence                  Hex/Air        6%         N/A       87%         5
 Death Channel            Necr           14%        N/A       90%         6
 Summon Hydra             Summ           10%        N/A       100%        7
 Borgnjor's Revivificati  Necr           14%        N/A       100%        8
 Infestation              Necr           14%        N/A       100%        8

Inventory:

Hand Weapons
 a - a +1 longbow of draining (weapon)
 z - a +0 shortbow
 M - a +0 demon whip of venom
Missiles
 r - 19 poisoned darts
 A - 2 throwing nets {=f}
 L - a curare-tipped dart {=f}
Armour
 e - a +2 leather armour of willpower
 n - a +0 cloak (worn)
 q - a +0 troll leather armour (worn) {Pargi}
 t - a +1 robe of the Archmagi
 w - a +0 pair of gloves (worn)
 y - a +2 hat of intelligence (worn)
 N - +0 steam dragon scales
Magical Staves
 H - a staff of air
Jewellery
 c - a ring of willpower (right hand)
 v - a ring of see invisible
 F - a ring of protection from fire
 G - an amulet of guardian spirit
 O - an amulet of the acrobat (around neck)
 S - a +6 ring of strength
 Y - a +4 ring of slaying (left hand)
Wands
 k - a wand of flame (12)
 o - a wand of iceblast (1)
 u - a wand of mindburst (4)
 x - a wand of digging (5)
Scrolls
 b - a scroll of torment {!r}
 d - a scroll of butterflies
 g - 3 scrolls of fear
 j - 2 scrolls of enchant weapon
 m - 3 scrolls of teleportation {@r4}
 p - 7 scrolls of fog
 B - 4 scrolls of immolation {!r}
 D - a scroll of poison {!r}
 E - a scroll of identify {@r1}
 I - a scroll of vulnerability {!r}
Potions
 f - 4 potions of curing {@q1}
 h - a potion of flight {unknown}
 i - a potion of resistance
 l - 2 potions of mutation {unknown}
 s - a potion of lignification {!q}
 C - a potion of attraction {unknown}
 J - a potion of heal wounds {unknown}
 K - 2 potions of magic {unknown}

Dungeon Overview and Level Annotations

Branches:
Dungeon (11/15)            Temple (0/1) D:6            Lair (0/5) D:9
    Orc (0/2) D:10          Sewer (visited)

Altars:
Ashenzari
Elyvilon
Qazlal
Ru
Sif Muna
Uskayaw
Vehumet
Jiyva

Shops:
D:1 [

Annotations:
D:9 3 runed translucent doors, patfeehan111222's ghost, novice MiBe

######## #......#
########## #......#
##........# #@W....#
.'........# #(.....#
.#...[....# #......#
##........# ####......#
##........###.........#
#........#...##......#
#........'.####......#
#........### ##.#####
##'####### #.#


You could see a freezing wraith.


Message History

Unknown command.
Unknown command.
The freezing wraith hits you but does no damage.
The freezing wraith hits you!
* * * LOW HITPOINT WARNING * * *
You climb upwards.
There is a stone staircase leading down, spattered with blood here.
Unknown command.
Unknown command.
Unknown command.
Casting: Dispel Undead (dangerous; 13% risk of failure)
Confirm with . or Enter, or press ? or * to list all spells.
Aiming: Dispel Undead (dangerous; 13% risk of failure)
Press: ? - help, Shift-Dir - straight line, f - freezing wraith
Aim: a freezing wraith (100% to hit)
The freezing wraith is dispelled!
The freezing wraith hits you but does no damage.
The freezing wraith hits you!
* * * LOW HITPOINT WARNING * * *
The freezing wraith drains your vigour!
You feel yourself slow down.
Casting: Dispel Undead (dangerous; 13% risk of failure)
Confirm with . or Enter, or press ? or * to list all spells.
Aiming: Dispel Undead (dangerous; 13% risk of failure)
Press: ? - help, Shift-Dir - straight line, f/p - freezing wraith
Aim: a freezing wraith (moderately damaged, 100% to hit)
The freezing wraith is dispelled!!
The freezing wraith hits you!
* * * LOW HITPOINT WARNING * * *
The freezing wraith freezes you!
You die...

Skill      XL: |  1  2  3  4  5  6  7  8  9 10 11 12 |
---------------+-------------------------------------+-----
Ranged Weapons | 3 4 5 6 7 8 9 |  9.2
Fighting       | 2 3 4 5 6 |  6.2
Stealth        | 3 4 5 |  5.0
Transmutations | 2 3 4 5 |  5.1
Evocations     | 2 3 4 5 |  5.2
Throwing       | 1 2 3 4 5 |  5.0
Necromancy     | 1 3 4 5 6 |  6.0
Earth Magic    | 2 4 5 |  5.7
Spellcasting   | 4 5 |  5.1
Summonings     | 2 3 4 |  4.4
Air Magic      | 2 3 4 |  4.4
Poison Magic   | 1 2 |  2.0
Conjurations   | 1 2 |  2.2
Armour         | |  2.0

Action                     |  1- 3 |  4- 6 |  7- 9 | 10-12 || total
---------------------------+-------+-------+-------+-------++-------
   Fire: Shortbow          |    51 |   153 |   268 |    82 ||   554
         Longbow           |       |       |       |   396 ||   396
  Throw: Dart              |       |       |     5 |       ||     5
   Cast: Mephitic Cloud    |       |       |       |     3 ||     3
         Summon Lightning  |       |       |       |     2 ||     2
         Dispel Undead     |       |       |       |    13 ||    13
         Borgnjor's Vile C |       |       |       |     2 ||     2
  Evoke: Wand              |       |     1 |     4 |     8 ||    13
    Use: Scroll            |       |     4 |     6 |     8 ||    18
         Potion            |       |       |       |     7 ||     7
 Armour: Ring mail         |     1 |       |       |       ||     1
         Troll leather arm |     6 |    24 |    33 |    83 ||   146
         Skin              |       |       |       |     4 ||     4
  Dodge: Dodged            |    16 |    28 |    71 |   172 ||   287

Levels and vault maps discovered:
D:1:      dpeg_arrival_rooms_b, layout_loops_ring, serial_shops,
          nicolae_shop_stone, fountainhead, minmay_ruptured
D:2:      layout_loops_ring, hex_large, minivault_4, hangedman_feature_mirror,
          uniq_natasha
D:3:      layout_loops_ring, kennysheep_cross_room, moated_statue,
          corexii_corridor_pit
D:4:      layout_cave_pools, cheibrodos_sewer_entry_sluice, serial_bayou_pond_c,
          kennysheep_nondescript, minmay_misc_feat_roman, minivault_5,
          uniq_pikel
D:5:      cheibrodos_helix_gallery, layout_loops_ring, lemuel_crystal_altar
D:6:      layout_basic, minmay_temple_entry_glassed_door,
          kennysheep_generic_room_2, uniq_sigmund
D:7:      layout_loops_ring, chequers_mini_garden
D:8:      layout_rooms, mainiacjoe_overflow_chevrons, serial_bayou,
          serial_bayou_ford_a, serial_bayou_crossing, serial_bayou_lagoon_a,
          serial_bayou_shore_a, minmay_alternating_orb
D:9:      layout_stronghold, nicolae_qazlal_general_emergency, elyvilon_altar_1,
          nicolae_ru_sacrificial_ziggurat, nicolae_sif_muna_little_library,
          mainiacjoe_overflow_tiny_flanked, due_lair_maze_entry_diamond,
          serial_column_ruins, column_ruins_hut_ruined, column_ruins_hut,
          column_ruins_columns_corner, column_ruins_columns_straight,
          column_ruins_grid_4, column_ruins_grid_2, column_ruins_grid_1,
          column_ruins_grid_1, gammafunk_ghost_ooze, uniq_erica, uniq_maurice,
          uniq_amaemon
D:10:     layout_roguey, hiddenorc2_lemuel
D:11:     layout_cross, gammafunk_ghost_necromancy

Notes
Turn   | Place    | Note
-------+----------+-------------------------------------------
     0 | D:1      | Jeffwins the Human Wanderer began the quest for the Orb.
     0 | D:1      | Jeffwins set off with the following items: a +0 shortbow, a
                  | +0 ring mail, a scroll of blinking; and the following
                  | spells available to memorise: Searing Ray, Static
                  | Discharge.
     0 | D:1      | Reached XP level 1. HP: 15/15 MP: 4/4
    77 | D:1      | Reached XP level 2. HP: 21/21 MP: 6/6
   489 | D:1      | Found Dij Bur's Armour Boutique.
   692 | D:2      | Reached XP level 3. HP: 26/26 MP: 7/7
   783 | D:2      | Reached skill level 3 in Ranged Weapons
   819 | D:2      | Noticed Natasha
   826 | D:2      | Killed Natasha
   827 | D:2      | Reached skill level 2 in Fighting
   827 | D:2      | Reached XP level 4. HP: 24/33 MP: 8/8
   953 | D:2      | Noticed Natasha
   986 | D:2      | Killed Natasha
   987 | D:2      | Reached skill level 3 in Stealth
   987 | D:2      | Reached XP level 5. HP: 28/38 MP: 9/9
  1114 | D:2      | Reached skill level 4 in Ranged Weapons
  1339 | D:2      | Noticed Natasha
  1350 | D:2      | HP: 1/39 [Natasha/puff of flame (14)]
  1355 | D:2      | Killed Natasha
  1356 | D:2      | Reached XP level 6. HP: 12/46 MP: 10/10
  1497 | D:3      | Reached skill level 3 in Fighting
  2061 | D:4      | Learned a level 2 spell: Wereblood
  2062 | D:4      | Found a glowing drain.
  2069 | Sewer    | Entered a sewer
  2174 | Sewer    | Noticed Pargi
  2185 | Sewer    | Killed Pargi
  2186 | Sewer    | Reached skill level 5 in Ranged Weapons
  2186 | Sewer    | Reached skill level 4 in Stealth
  2186 | Sewer    | Reached XP level 7. HP: 52/52 MP: 11/11
  2447 | D:4      | Reached skill level 1 in Transmutations
  2450 | D:4      | Reached skill level 1 in Evocations
  2603 | D:4      | Noticed Pikel
  2622 | D:3      | Killed Pikel
  2623 | D:3      | Reached skill level 6 in Ranged Weapons
  2623 | D:3      | Reached skill level 1 in Throwing
  2623 | D:3      | Reached skill level 2 in Transmutations
  2623 | D:3      | Reached skill level 2 in Evocations
  2623 | D:3      | Reached XP level 8. HP: 30/60 MP: 3/12
  2746 | D:4      | Reached skill level 4 in Fighting
  3032 | D:5      | Entered Level 5 of the Dungeon
  3056 | D:5      | Found a radiant altar of Vehumet.
  3064 | D:5      | Became a worshipper of Vehumet
  3099 | D:5      | Learned a level 4 spell: Dispel Undead
  3190 | D:5      | Reached skill level 2 in Throwing
  3190 | D:5      | Reached skill level 5 in Stealth
  3240 | D:5      | Noticed a wyvern
  3244 | D:5      | Killed a wyvern
  3245 | D:5      | Reached skill level 1 in Necromancy
  3568 | D:5      | Reached XP level 9. HP: 59/65 MP: 13/13
  3918 | D:6      | Found a staircase to the Ecumenical Temple.
  3939 | D:6      | Reached skill level 3 in Transmutations
  4083 | D:6      | Identified a +1 robe of the Archmagi
  4083 | D:6      | Noticed Sigmund
  4091 | D:6      | Killed Sigmund
  4092 | D:6      | Reached skill level 7 in Ranged Weapons
  4092 | D:6      | Reached skill level 2 in Necromancy
  4092 | D:6      | Reached skill level 3 in Evocations
  4158 | D:6      | Got the Compilation of the Volcano and Terra Firma
  4165 | D:6      | Learned a level 5 spell: Borgnjor's Vile Clutch
  4209 | D:6      | Reached skill level 3 in Throwing
  4212 | D:6      | Reached * piety under Vehumet
  4212 | D:6      | Offered knowledge of Magic Dart by Vehumet.
  4348 | D:6      | Reached skill level 1 in Earth Magic
  5084 | D:7      | Reached skill level 3 in Necromancy
  5148 | D:7      | Reached skill level 4 in Spellcasting
  5148 | D:7      | Reached skill level 2 in Earth Magic
  5227 | D:7      | Reached skill level 5 in Fighting
  5227 | D:7      | Reached XP level 10. HP: 64/74 MP: 16/16
  5942 | D:8      | Found a broken altar of Ashenzari.
  5951 | D:8      | Reached skill level 3 in Earth Magic
  5957 | D:8      | Identified a scroll of acquirement
  5958 | D:8      | Acquired a +1 longbow of draining
  5975 | D:8      | Got Sufid's Treatise on the Crypt
  5985 | D:8      | Learned a level 4 spell: Summon Lightning Spire
  6039 | D:8      | Offered knowledge of Foxfire by Vehumet.
  6040 | D:8      | Reached skill level 4 in Necromancy
  6053 | D:8      | Reached ** piety under Vehumet
  6160 | D:8      | Reached skill level 8 in Ranged Weapons
  6268 | D:8      | Reached skill level 4 in Evocations
  6274 | D:8      | Reached skill level 1 in Summonings
  6274 | D:8      | Reached skill level 1 in Air Magic
  6385 | D:8      | Reached skill level 4 in Transmutations
  6674 | D:8      | Reached skill level 4 in Throwing
  6812 | D:8      | Reached skill level 2 in Summonings
  7010 | D:9      | Noticed a komodo dragon
  7021 | D:8      | Reached skill level 2 in Air Magic
  7114 | D:9      | Found a white marble altar of Elyvilon.
  7137 | D:9      | Noticed Maurice
  7187 | D:9      | Killed Maurice
  7187 | D:9      | Offered knowledge of Mephitic Cloud by Vehumet.
  7188 | D:9      | Reached skill level 4 in Earth Magic
  7188 | D:9      | Reached XP level 11. HP: 80/80 MP: 17/17
  7192 | D:9      | Learned a level 3 spell: Mephitic Cloud
  7314 | D:9      | Found a sacrificial altar of Ru.
  7347 | D:9      | HP: 4/80 [yak (13)]
  7350 | D:9      | Identified 2 potions of resistance
  7356 | D:9      | HP: 7/121 [yak (9)]
  7358 | D:9      | Reached skill level 5 in Necromancy
  7476 | D:9      | Found a runed translucent gate.
  7476 | D:9      | Found a runed translucent gate.
  7477 | D:9      | Found a runed translucent gate.
  7477 | D:9      | Noticed patfeehan111222's ghost (novice MiBe)
  7482 | D:9      | Found a viscous altar of Jiyva.
  7509 | D:9      | Found a shimmering blue altar of Sif Muna.
  7561 | D:9      | Found a hide-covered altar of Uskayaw.
  7602 | D:9      | Found a staircase to the Lair.
  7608 | D:9      | Reached skill level 3 in Summonings
  7608 | D:9      | Reached skill level 1 in Poison Magic
  7649 | D:9      | Reached skill level 1 in Conjurations
  7656 | D:9      | Found a stormy altar of Qazlal.
  7662 | D:9      | Reached *** piety under Vehumet
  7725 | D:9      | Noticed Erica
  7731 | D:9      | Killed Erica
  7732 | D:9      | Reached skill level 3 in Air Magic
  7897 | D:9      | Noticed Amaemon
  8100 | D:9      | Killed Amaemon
  8484 | D:10     | Entered Level 10 of the Dungeon
  8494 | D:10     | Reached skill level 5 in Earth Magic
  8585 | D:10     | Offered knowledge of Iskenderun's Mystic Blast by Vehumet.
  8652 | D:10     | Found a staircase to the Orcish Mines.
  8675 | D:10     | Reached **** piety under Vehumet
  8967 | D:10     | Reached skill level 6 in Fighting
  8967 | D:10     | Reached skill level 5 in Evocations
  8981 | D:10     | Reached XP level 12. HP: 88/88 MP: 19/19
  8982 | D:10     | Reached skill level 9 in Ranged Weapons
  8989 | D:10     | Offered knowledge of Fulminant Prism by Vehumet.
  8993 | D:10     | Reached skill level 4 in Summonings
  8993 | D:10     | Reached skill level 5 in Transmutations
  9021 | D:10     | Reached skill level 4 in Air Magic
  9298 | D:11     | Noticed a two-headed ogre
  9302 | D:11     | Killed a two-headed ogre
  9303 | D:11     | Reached skill level 5 in Spellcasting
  9303 | D:11     | Reached skill level 2 in Conjurations
  9308 | D:11     | Noticed a death knight
  9634 | D:11     | Reached skill level 5 in Throwing
  9642 | D:10     | Reached skill level 6 in Necromancy
  9762 | D:10     | Reached skill level 2 in Poison Magic
  9858 | D:10     | Slain by a freezing wraith

Vanquished Creatures
  Erica (D:9)
  A two-headed ogre (D:11)
  Amaemon (D:9)
  Pikel (D:3)
  A phantasmal warrior (D:10)
  Maurice (D:9)
  An orange demon (D:9)
  A freezing wraith (D:10)
  A komodo dragon (D:9)
  A hornet (D:8)
  Sigmund (D:6)
  A shadow (D:10)
  17 yaks
  2 wyverns
  4 wraiths (D:9)
  2 steam dragons
  4 vampire mosquitoes
  An acid dragon (D:8)
  4 water moccasins
  Pargi (Sewer)
  An ice beast (D:7)
  3 black bears
  2 ogres
  A sky beast (D:8)
  6 centaurs
  A phantom (D:5)
  2 kobold brigands (D:9)
  3 nameless horrors
  10 bullfrogs
  4 scorpions
  13 wights
  8 killer bees
  5 howler monkeys
  6 electric eels (D:8)
  An orc priest (D:10)
  A jelly (D:4)
  4 hounds
  3 gnoll boudas
  5 iguanas
  Natasha (thrice) (D:2)
  8 orc wizards
  21 gnolls
  9 adders
  A shadow imp (D:7)
  2 white imps
  5 worms
  3 dart slugs
  42 orcs
  7 endoplasms
  4 giant cockroaches
  10 goblins
  5 hobgoblins
  6 jackals
  12 kobolds
  3 quokkas
  5 ball pythons
  6 bats
  3 frilled lizards
  5 rats
286 creatures vanquished.

Vanquished Creatures (others)
  30 fungi (D:9)
  108 plants
138 creatures vanquished.

Grand Total: 424 creatures vanquished

Table legend: (Time is in decaauts)
 A = Elapsed time spent in this place.
 B = Non-inter-level travel time spent in this place.
 C = Inter-level travel time spent in this place.
 D = Time resting spent in this place.
 E = Time spent auto-exploring this place.
 F = Levels seen in this place.
 G = Mean time per level.
                   A        B        C        D        E       F      G
               +--------+--------+--------+--------+--------+-----+--------+
         Total |  10181 |   9598 |    583 |   1075 |   6257 |  12 |  848.4 |
       Dungeon |  10035 |   9452 |    583 |   1075 |   6167 |  11 |  912.3 |
         Sewer |    146 |    146 |      0 |      0 |     89 |   1 |  146.0 |
               +--------+--------+--------+--------+--------+-----+--------+

Top non-repeatable levels by time:
     D:9: 1548 daAuts
    D:10: 1248 daAuts
     D:8: 1186 daAuts
     D:6: 1169 daAuts
     D:7: 918 daAuts
     D:5: 846 daAuts
     D:4: 778 daAuts
     D:2: 764 daAuts
     D:3: 760 daAuts
     D:1: 697 daAuts
   Sewer: 146 daAuts
    D:11: 116 daAuts

Table legend:
 A = Non-vault XP
 B = Vault XP
 C = Vault XP percentage of total XP
 D = Non-vault monster count
 E = Vault monster count
 F = Vault count percentage of total count
                 A         B        C        D         E       F
            +---------+---------+-------+---------+---------+-------
      Total |   12480 |    7057 |  36.1 |     198 |      85 |  30.0
            +---------+---------+-------+---------+---------+-------
        D:1 |      12 |       6 |  33.3 |       8 |       3 |  27.3
        D:2 |     233 |      46 |  16.5 |      34 |       7 |  17.1
        D:3 |     134 |     641 |  82.7 |      18 |       1 |   5.3
        D:4 |     194 |       7 |   3.5 |      21 |       2 |   8.7
        D:5 |     616 |      96 |  13.5 |      12 |       2 |  14.3
        D:6 |     934 |     426 |  31.3 |      22 |       3 |  12.0
        D:7 |    1313 |       0 |   0.0 |      21 |       0 |   0.0
        D:8 |     923 |    1690 |  64.7 |      17 |      15 |  46.9
        D:9 |    2135 |    3730 |  63.6 |      15 |      14 |  48.3
       D:10 |    4584 |     269 |   5.5 |      25 |      32 |  56.1
       D:11 |    1402 |       0 |   0.0 |       5 |       0 |   0.0
      Sewer |       0 |     146 | 100.0 |       0 |       6 | 100.0
            +---------+---------+-------+---------+---------+-------
